[Event "Titled Tuesday Blitz May 24 Late 2022"]
[White "Pranav, V"]
[Black "Drygalov, Andrey"]
[WhiteFideId "25060783"]
[BlackFideId "24171735"]
[WhiteElo "2349"]
[BlackElo "2540"]
[Result "0-1"]
[Round "11"]
[TimeControl "180+1"]
[Date "2022.05.24"]
[WhiteClock "0:00:06"]
[BlackClock "0:00:20"]

1. Nf3 d5 2. b3 Nf6 3. Bb2 Bf5 4. g3 e6 5. Bg2 Be7 6. O-O O-O 7. c4 h6 8. d3 c6 9. Nc3 Nbd7 10. Re1 Bh7 11. e4 dxe4 12. dxe4 Nc5 13. Nd4 e5 14. Nf5 Bxf5 15. exf5 Nd3 16. Re2 Nxb2 17. Rxb2 Bc5 18. Rd2 Bd4 19. Ne4 Qe7 20. Rb1 Rad8 21. Qe2 Rd7 22. Rbd1 Rfd8 23. Nxf6+ Qxf6 24. Be4 a5 25. Kg2 Qe7 26. Rd3 Rd6 27. h4 Bc5 28. Rxd6 Rxd6 29. Rxd6 Qxd6 30. Qf3 Kf8 31. Qe2 Qd4 32. Qf3 Ke7 33. Qe2 Kf6 34. Bb1 Ke7 35. Be4 f6 36. Bb1 Kd6 37. Be4 Kc7 38. Qe1 Kd6 39. Bf3 Bb4 40. Qe2 Bc5 41. Be4 Kc7 42. Qe1 Kd6 43. Kh3 Qxf2 44. Qxa5 Qf1+ 45. Kg4 Qe2+ 46. Bf3 h5+ 47. Kxh5 Qxf3+ 48. g4 e4 49. b4 Qe3 50. Qd8+ Ke5 51. bxc5 Qh6# 0-1


[Site "https://www.chess.com"]

[Event "Titled Tuesday Blitz May 24 Late 2022"]
[White "Prieto Aranguren, Alain"]
[Black "Keller, Peter"]
[WhiteFideId "2268906"]
[BlackFideId "1272105"]
[WhiteElo "2235"]
[BlackElo "2275"]
[Result "1-0"]
[Round "11"]
[TimeControl "180+1"]
[Date "2022.05.25"]
[WhiteClock "0:00:49"]
[BlackClock "0:00:08"]

1. d4 d5 2. c4 c6 3. Nf3 Nf6 4. Nc3 dxc4 5. a4 Bf5 6. e3 e6 7. Bxc4 Bb4 8. O-O O-O 9. Qe2 Bg6 10. Ne5 Nbd7 11. Nxg6 hxg6 12. e4 e5 13. d5 Nb6 14. Bb3 Bxc3 15. bxc3 cxd5 16. exd5 Nbxd5 17. Qxe5 Re8 18. Qd4 Rc8 19. Bd2 Nb6 20. Rfe1 Qxd4 21. cxd4 Nbd5 22. Rac1 Kf8 23. Kf1 Rxe1+ 24. Kxe1 Rxc1+ 25. Bxc1 b6 26. Ba3+ Ke8 27. f3 a5 28. Ke2 g5 29. g3 Kd7 30. Bf8 g6 31. Bg7 b5 32. Bxf6 Nxf6 33. axb5 Ke7 34. Kd3 Nd7 35. Kc4 f6 36. Kd5 a4 37. Ba2 a3 38. Kc6 Kd8 39. b6 f5 40. b7 g4 41. fxg4 fxg4 42. Be6 Nb8+ 43. Kb6 Ke7 44. Ba2 Kd6 45. Ka7 Kc7 46. d5 Nd7 47. d6+ Kxd6 48. b8=Q+ Nxb8 49. Kxb8 Ke5 50. Kc7 Ke4 51. Kd6 Kf3 52. Ke5 Kg2 53. Kf4 Kxh2 54. Kxg4 Kg2 55. Kf4 g5+ 56. Kg4 Kf2 57. Bd5 Ke3 58. Kxg5 Kd4 59. Ba2 1-0


[Site "https://www.chess.com"]

[Event "Titled Tuesday Blitz May 24 Late 2022"]
[White "Proudian, Armen"]
[Black "Seletsky, Grigory"]
[WhiteFideId "2130734"]
[BlackFideId "14112191"]
[WhiteElo "2380"]
[BlackElo "2492"]
[Result "1-0"]
[Round "11"]
[TimeControl "180+1"]
[Date "2022.05.25"]
[WhiteClock "0:00:07"]
[BlackClock "0:00:00"]

1. e4 e6 2. d4 d5 3. exd5 exd5 4. Bd3 Bd6 5. Qf3 c6 6. Ne2 Qh4 7. Bf4 Bxf4 8. Nxf4 Ne7 9. Nd2 O-O 10. g3 Qf6 11. c3 Bf5 12. O-O Bxd3 13. Nxd3 Qxf3 14. Nxf3 Nd7 15. Rfe1 Rfe8 16. b3 f6 17. c4 Kf7 18. c5 g5 19. b4 h5 20. a4 Nf5 21. h3 Re4 22. b5 Nxd4 23. Nd2 Rxe1+ 24. Rxe1 Re8 25. Rxe8 Kxe8 26. bxc6 bxc6 27. f4 Ne6 28. fxg5 fxg5 29. Nb3 Kd8 30. Kf2 Kc7 31. Ke3 Nf6 32. Nf2 Nd7 33. Nd3 Kb7 34. h4 Kc7 35. hxg5 Nxg5 36. Kf4 Ne4 37. Kf3 a6 38. a5 Kb7 39. Nf4 Nexc5 40. Nxc5+ Nxc5 41. Nxh5 Nb3 42. g4 Nxa5 43. g5 Nc4 44. Kf4 Nd6 45. Nf6 Nc8 46. g6 Ne7 47. g7 Kc7 48. Ke5 Kd8 49. Ke6 d4 50. Ne4 a5 51. Nc5 Ke8 52. Nb7 a4 53. Nd6+ Kd8 54. Nf7+ Ke8 55. Nd6+ Kd8 56. Nf5 Ng8 57. Kf7 a3 58. Kxg8 a2 59. Kf7 a1=Q 60. g8=Q+ Kc7 61. Qg7 Qa2+ 62. Ke8+ Kb6 63. Qxd4+ 1-0


[Site "https://www.chess.com"]

[Event "Titled Tuesday Blitz May 24 Late 2022"]
[White "Remolar Gallen, Jose"]
[Black "Novikova, Galina"]
[WhiteFideId "2215187"]
[BlackFideId "4157095"]
[WhiteElo "2205"]
[BlackElo "1863"]
[Result "0-1"]
[Round "11"]
[TimeControl "180+1"]
[Date "2022.05.25"]
[WhiteClock "0:00:09"]
[BlackClock "0:01:48"]

1. d4 e6 2. Nf3 f5 3. c4 Nf6 4. Nc3 Be7 5. g3 O-O 6. Bg2 d6 7. O-O a5 8. Re1 Ne4 9. Qc2 Nxc3 10. bxc3 Nc6 11. e4 e5 12. d5 Nb8 13. c5 Na6 14. c6 b6 15. Ba3 Qe8 16. Nd2 f4 17. Nc4 Qh5 18. Qd3 Nc5 19. Bxc5 bxc5 20. Qd1 Bg4 21. f3 Bh3 22. g4 Qh4 23. Qe2 h5 24. gxh5 Qxh5 25. Kh1 Rf6 26. Rg1 Rh6 27. Bxh3 Qxh3 28. Rg2 Bf6 29. Rag1 Kf7 30. a4 Rah8 31. Nxa5 Bh4 32. Rd1 Bg3 33. Rd2 Ra8 34. Qb5 Bxh2 35. Rxh2 Qg3 36. Rxh6 Qe1+ 37. Kg2 Qxd2+ 38. Kh3 gxh6 39. Qb7 Re8 40. Qxc7+ Re7 41. Qxd6 Qe1 42. Kg4 Qg3+ 43. Kh5 Qg5# 0-1


[Site "https://www.chess.com"]

[Event "Titled Tuesday Blitz May 24 Late 2022"]
[White "Rios Escobar, Adan"]
[Black "Pesotskiy, Mikhail"]
[WhiteFideId "3403645"]
[BlackFideId "34164453"]
[WhiteElo "2405"]
[BlackElo "2010"]
[Result "1-0"]
[Round "11"]
[TimeControl "180+1"]
[Date "2022.05.25"]
[WhiteClock "0:00:25"]
[BlackClock "0:00:17"]

1. d4 Nf6 2. g3 c5 3. d5 b5 4. f3 e6 5. e4 exd5 6. e5 Qe7 7. Qe2 Ng8 8. Nc3 b4 9. Nxd5 Qd8 10. Bf4 Na6 11. O-O-O Bb7 12. Nh3 Ne7 13. Nf6+ gxf6 14. exf6 Nc7 15. Bxc7 Qxc7 16. Re1 Bh6+ 17. Kb1 O-O-O 18. fxe7 Rde8 19. Bg2 d6 20. f4 Bg7 21. Ng5 Bxg2 22. Qxg2 Rxe7 23. Rxe7 Qxe7 24. Qa8+ Kc7 25. Qxa7+ Kd8 26. Qb8+ Kd7 27. Qb5+ Kc7 28. Qa5+ Kb7 29. Qa4 Re8 30. a3 bxa3 31. Qxa3 h6 32. Qb3+ Kc6 33. Nxf7 Qe6 34. Qxe6 Rxe6 35. Nd8+ 1-0


[Site "https://www.chess.com"]

[Event "Titled Tuesday Blitz May 24 Late 2022"]
[White "Romanchuk, Viktor"]
[Black "Santos Ruiz, Miguel"]
[WhiteFideId "14109271"]
[BlackFideId "22291482"]
[WhiteElo "2242"]
[BlackElo "2486"]
[Result "0-1"]
[Round "11"]
[TimeControl "180+1"]
[Date "2022.05.24"]
[WhiteClock "0:00:29"]
[BlackClock "0:00:57"]

1. d4 f5 2. Nc3 Nf6 3. Bg5 d5 4. f3 Nc6 5. Qd2 e6 6. O-O-O Be7 7. e4 fxe4 8. fxe4 dxe4 9. Bb5 O-O 10. Bxf6 Bxf6 11. Nxe4 Bd7 12. Nf3 a6 13. Ba4 Ne7 14. Bxd7 Qxd7 15. Nc5 Qd5 16. Qe3 Qxa2 17. Qxe6+ Qxe6 18. Nxe6 Rfc8 19. c3 a5 20. Kc2 a4 21. Nc5 Nd5 22. Rhe1 a3 23. Ra1 axb2 24. Rxa8 Rxa8 25. Kxb2 Be7 26. Nd3 Bf8 27. c4 Nb4 28. Nxb4 Bxb4 29. Ra1 Bc3+ 0-1


[Site "https://www.chess.com"]

[Event "Titled Tuesday Blitz May 24 Late 2022"]
[White "Rychagov, Andrey"]
[Black "Rustemov, Alexander"]
[WhiteFideId "4119932"]
[BlackFideId "4119002"]
[WhiteElo "2500"]
[BlackElo "2843"]
[Result "0-1"]
[Round "11"]
[TimeControl "180+1"]
[Date "2022.05.24"]
[WhiteClock "0:00:02"]
[BlackClock "0:00:57"]

1. d4 f5 2. Bf4 Nf6 3. e3 d6 4. Nf3 g6 5. Bc4 e6 6. Nbd2 Bg7 7. c3 Qe7 8. h3 Nc6 9. b4 e5 10. Bh2 e4 11. Ng1 Be6 12. Qb3 d5 13. Bb5 O-O 14. Ne2 Nd8 15. Nf4 c6 16. Be2 Bf7 17. h4 h6 18. c4 g5 19. hxg5 hxg5 20. Nh3 Ng4 21. c5 Nxh2 22. Rxh2 Ne6 23. Qc2 a5 24. Rb1 Bg6 25. b5 f4 26. Ng1 fxe3 27. fxe3 Qc7 28. Rh3 Qf7 29. Rh1 Qf2+ 30. Kd1 Qxg2 0-1


[Site "https://www.chess.com"]

[Event "Titled Tuesday Blitz May 24 Late 2022"]
[White "Senthilkumar, Pranav"]
[Black "Yurovskykh, Oleksandr"]
[WhiteFideId "2083477"]
[BlackFideId "14134020"]
[WhiteElo "2435"]
[BlackElo "2292"]
[Result "1-0"]
[Round "11"]
[TimeControl "180+1"]
[Date "2022.05.24"]
[WhiteClock "0:00:12"]
[BlackClock "0:00:03"]

1. Nf3 d5 2. g3 c6 3. Bg2 Bg4 4. O-O Nd7 5. c4 Bxf3 6. Bxf3 Ne5 7. cxd5 Nxf3+ 8. exf3 cxd5 9. Qb3 Qd7 10. d4 e6 11. Bf4 Ne7 12. Nc3 Nc6 13. Rfe1 Be7 14. Rad1 O-O 15. Na4 Na5 16. Qc2 Rfc8 17. Nc5 Bxc5 18. dxc5 b6 19. b4 Nb7 20. Be3 bxc5 21. bxc5 Na5 22. Qc3 Nc6 23. f4 g6 24. f5 gxf5 25. Bh6 d4 26. Qd2 f6 27. Qe2 e5 28. Qh5 Ne7 29. Qh4 Rc6 30. g4 f4 31. g5 Ng6 32. Qh5 f5 33. Qf3 e4 34. Qb3+ Kh8 35. Qc4 Rd8 36. Kg2 Qd5 37. Qxd5 Rxd5 38. Rb1 Rdxc5 39. Rb7 Rc7 40. Rb8+ Rc8 41. Reb1 d3 42. R8b7 R5c7 43. Rxc7 f3+ 44. Kg1 Rd8 45. Rbb7 d2 46. Rxh7+ Kg8 47. Rbg7+ Kf8 48. Rxg6+ Ke8 49. Re6# 1-0


[Site "https://www.chess.com"]

[Event "Titled Tuesday Blitz May 24 Late 2022"]
[White "Shapiro, Daniel"]
[Black "Vivas Zamora, Fabian Ernesto"]
[WhiteFideId "2001780"]
[BlackFideId "3902480"]
[WhiteElo "2280"]
[BlackElo "1987"]
[Result "0-1"]
[Round "11"]
[TimeControl "180+1"]
[Date "2022.05.25"]
[WhiteClock "0:00:01"]
[BlackClock "0:00:07"]

1. d4 Nf6 2. c4 g6 3. Nc3 d5 4. Bg5 Bg7 5. Bxf6 Bxf6 6. cxd5 c6 7. dxc6 Qxd4 8. cxb7 Bxb7 9. Qxd4 Bxd4 10. Nf3 Bxc3+ 11. bxc3 Nd7 12. e3 O-O 13. Be2 Rfc8 14. Rc1 Rab8 15. O-O Bd5 16. Rc2 Be4 17. Rd2 Nb6 18. Rc1 Na4 19. c4 Bxf3 20. gxf3 Nc5 21. Kf1 Rb4 22. Rcc2 g5 23. Rd5 f6 24. Rcd2 Kf7 25. f4 gxf4 26. exf4 Ne6 27. Bh5+ Kf8 28. Bg4 Rc6 29. f5 Nf4 30. R5d4 Rcxc4 31. Rxc4 Rxc4 32. Bd1 Rc1 33. h3 Nxh3 34. Ke2 Ng5 35. Ke3 Kg7 36. f4 Nh3 37. Rd7 Rc3+ 38. Kd2 Ra3 39. Rxe7+ Kh6 40. Bb3 Nxf4 41. Rf7 Kg5 42. Be6 Nxe6 43. fxe6 Ra6 44. Ke3 Rxe6+ 45. Kf3 h5 46. Rxa7 Rb6 47. Ra5+ f5 48. Rd5 Ra6 49. Rd2 Ra3+ 50. Kg2 h4 51. Kh2 Kg4 52. Rg2+ Rg3 53. Rf2 Ra3 54. Rg2+ Kf3 55. Rg5 Kf4 56. Rg2 h3 57. Rf2+ Kg4 58. Rb2 f4 59. Rc2 Re3 60. Rb2 f3 61. Kg1 Kg3 62. Kf1 h2 0-1


[Site "https://www.chess.com"]

[Event "Titled Tuesday Blitz May 24 Late 2022"]
[White "Skliarov, Viktor"]
[Black "Vasquez Schroeder, Rodrigo"]
[WhiteFideId "14106736"]
[BlackFideId "3400042"]
[WhiteElo "2229"]
[BlackElo "2567"]
[Result "1-0"]
[Round "11"]
[TimeControl "180+1"]
[Date "2022.05.24"]
[WhiteClock "0:00:12"]
[BlackClock "0:01:28"]

1. e4 c5 2. Nf3 d6 3. d4 cxd4 4. Qxd4 Nc6 5. Bb5 Bd7 6. Bxc6 Bxc6 7. Nc3 h6 8. O-O e5 9. Qd3 Nf6 10. Nd2 d5 11. exd5 Nxd5 12. Re1 Nb4 13. Rxe5+ Be7 14. Qe2 Nxc2 15. Rb1 Nb4 16. Nc4 Kf8 17. Be3 Na6 18. Rd1 Qc7 19. Nd5 Bxd5 20. Rexd5 Rc8 21. Ne5 Nb4 22. Qf3 Bf6 23. Nd7+ Kg8 24. Nxf6+ gxf6 25. Qg4+ Kh7 26. Qxb4 1-0


[Site "https://www.chess.com"]

[Event "Titled Tuesday Blitz May 24 Late 2022"]
[White "Stanisz, Patryk"]
[Black "Mangialardo, Tiago Carvalho"]
[WhiteFideId "1123106"]
[BlackFideId "2130718"]
[WhiteElo "1833"]
[BlackElo "2153"]
[Result "1-0"]
[Round "11"]
[TimeControl "180+1"]
[Date "2022.05.25"]
[WhiteClock "0:01:02"]
[BlackClock "0:00:01"]

1. Nf3 Nf6 2. c4 e6 3. Nc3 d5 4. d4 Be7 5. Bf4 O-O 6. e3 Nbd7 7. Rc1 b6 8. cxd5 Nxd5 9. Nxd5 exd5 10. Bxc7 Qe8 11. Bg3 Nf6 12. Bd3 Bb4+ 13. Ke2 Ne4 14. a3 Be7 15. Qc2 Bf6 16. Nd2 Ng5 17. Bd6 Be7 18. Bxe7 Qxe7 19. h4 Ne6 20. Bxh7+ Kh8 21. Nf3 g6 22. Bxg6 fxg6 23. Ne5 Rf6 24. h5 Kg8 25. hxg6 Ba6+ 26. Ke1 Re8 27. Nf7 Nxd4 28. Qa4 1-0


[Site "https://www.chess.com"]

[Event "Titled Tuesday Blitz May 24 Late 2022"]
[White "Stojanovski, Sandi"]
[Black "D`Arruda, Ricardo D."]
[WhiteFideId "1403249"]
[BlackFideId "100692"]
[WhiteElo "2358"]
[BlackElo "2499"]
[Result "1-0"]
[Round "11"]
[TimeControl "180+1"]
[Date "2022.05.25"]
[WhiteClock "0:00:15"]
[BlackClock "0:00:13"]

1. d3 d5 2. Nf3 Nf6 3. g3 Nc6 4. Bg2 e5 5. O-O Be7 6. Bg5 O-O 7. Nc3 Be6 8. e4 d4 9. Bxf6 Bxf6 10. Nd5 Bxd5 11. exd5 Qxd5 12. Re1 Qd7 13. Nd2 Rfe8 14. h4 Rab8 15. a3 g6 16. b4 a6 17. Ne4 Be7 18. Rb1 Nd8 19. Qf3 Kg7 20. h5 f5 21. Nc5 Bxc5 22. bxc5 c6 23. Bh3 Nf7 24. Qe2 Qd5 25. g4 f4 26. Bg2 Qxc5 27. g5 Nxg5 28. Qg4 Qe7 29. Be4 Qf6 30. f3 Re6 31. Re2 b5 32. Rbe1 Rbe8 33. Rg2 Nxe4 34. Rxe4 Rf8 35. Qh3 Qf5 36. h6+ Kg8 37. Qh4 Rff6 38. Rg5 Qxe4 39. dxe4 c5 40. Rg2 c4 41. Qe1 Rd6 42. Qb4 d3 43. cxd3 Rxd3 44. Qc5 Rfd6 45. Qxe5 Rd7 46. Qe8# 1-0


[Site "https://www.chess.com"]

[Event "Titled Tuesday Blitz May 24 Late 2022"]
[White "Szente Varga, Fruzsina"]
[Black "Maltsevskaya, Aleksandra"]
[WhiteFideId "712264"]
[BlackFideId "24174041"]
[WhiteElo "1994"]
[BlackElo "2235"]
[Result "1/2-1/2"]
[Round "11"]
[TimeControl "180+1"]
[Date "2022.05.25"]
[WhiteClock "0:00:20"]
[BlackClock "0:00:04"]

1. e4 c5 2. Nf3 e6 3. b3 Nc6 4. Bb2 b6 5. g3 Bb7 6. Bg2 Nf6 7. d3 d5 8. e5 Nd7 9. O-O g5 10. Re1 Bg7 11. d4 g4 12. Nfd2 cxd4 13. Qxg4 Bxe5 14. Nf3 h5 15. Qg5 Qxg5 16. Nxg5 Bf6 17. Nh3 O-O-O 18. Na3 a6 19. Rad1 h4 20. Nf4 hxg3 21. hxg3 Nc5 22. Ne2 e5 23. f4 Ne4 24. fxe5 Bxe5 25. Nc4 Bc7 26. Bxe4 dxe4 27. Nxd4 b5 28. Ne3 Rhg8 29. Nef5 Nxd4 30. Bxd4 Rg5 31. Rf1 Bxg3 32. Ne7+ Kb8 33. Rxf7 Be5+ 34. Kf1 Bxd4 35. Nf5 Rxf5+ 36. Rxf5 e3 37. Ke2 Bb6 38. Rxd8+ Bxd8 39. Rf8 Kc7 40. Kxe3 Bd5 41. Kd3 Be7 42. Rh8 Bd6 43. c4 bxc4+ 44. bxc4 Bc6 45. Rh7+ Kb6 46. Kd4 Bc5+ 47. Kc3 a5 48. Rh5 Bb4+ 49. Kb3 Bf3 50. a3 Bd1+ 51. Kb2 Bxa3+ 52. Kxa3 Bxh5 53. c5+ Kxc5 54. Ka2 Kb4 55. Ka1 a4 56. Kb1 Ka3 57. Ka1 Bf7 58. Kb1 Ba2+ 59. Ka1 Kb3 1/2-1/2


[Site "https://www.chess.com"]

[Event "Titled Tuesday Blitz May 24 Late 2022"]
[White "Tanenbaum, Zachary"]
[Black "Kobalia, Mikhail"]
[WhiteFideId "2060850"]
[BlackFideId "4119150"]
[WhiteElo "2168"]
[BlackElo "2667"]
[Result "0-1"]
[Round "11"]
[TimeControl "180+1"]
[Date "2022.05.24"]
[WhiteClock "0:00:04"]
[BlackClock "0:00:06"]

1. e4 c6 2. d4 d5 3. exd5 cxd5 4. Bd3 Nc6 5. c3 e6 6. Bf4 Bd6 7. Bg3 Nf6 8. Nf3 Ne4 9. Nbd2 Nxg3 10. hxg3 h6 11. Qe2 Bd7 12. O-O-O Qe7 13. Kb1 O-O-O 14. Rhe1 Kb8 15. Nb3 Rc8 16. Ne5 Nxe5 17. dxe5 Bc5 18. Nxc5 Qxc5 19. Qf3 Rhf8 20. Qf4 Bb5 21. Bxb5 Qxb5 22. Rd4 Rc7 23. Qg4 g6 24. Rb4 Qc5 25. Qd4 Qe7 26. f4 Rfc8 27. Ra4 b6 28. Qb4 Qd7 29. Qb3 Rc4 30. Rxc4 Rxc4 31. Rd1 Qc6 32. Qa3 Qc5 33. Qxc5 bxc5 34. Re1 h5 35. Re3 Ra4 36. b3 Ra6 37. g4 hxg4 38. Rg3 Kc7 39. Rxg4 d4 40. cxd4 cxd4 41. Rh4 Kd7 42. a4 Rb6 43. Kc2 Rc6+ 44. Kd3 Rc3+ 45. Kxd4 Rxb3 46. Rh7 Ke7 47. Kc5 a5 48. Rh1 Rb4 49. Ra1 Kf8 50. g3 Kg7 51. Ra3 g5 52. fxg5 Kg6 53. Kc6 Kxg5 54. Rf3 Kg6 55. Ra3 Kf5 56. Kd6 Rd4+ 57. Ke7 Kxe5 58. Kxf7 Kd5 59. Re3 e5 60. Kf6 e4 61. g4 Rd3 62. Re1 Rf3+ 63. Kg6 e3 64. g5 Ke4 65. Kh6 Kd3 66. g6 Rh3+ 67. Kg5 Rg3+ 68. Kf4 Rxg6 69. Rxe3+ Kd4 70. Re4+ Kc3 71. Kf5 Rd6 72. Ke5 Rd8 73. Rh4 Kb3 74. Ke6 Rb8 75. Kd5 Rb4 76. Rh3+ Kxa4 77. Kc5 Rb1 78. Kc4 Rc1+ 79. Rc3 Rh1 80. Rd3 Rh4+ 81. Kc3 Ka3 82. Kc2+ Ka2 83. Kc3 a4 84. Rd4 Rxd4 85. Kxd4 Kb2 86. Kd3 a3 0-1


[Site "https://www.chess.com"]

[Event "Titled Tuesday Blitz May 24 Late 2022"]
[White "Terry, Renato"]
[Black "Bluebaum, Matthias"]
[WhiteFideId "3803457"]
[BlackFideId "24651516"]
[WhiteElo "2577"]
[BlackElo "2556"]
[Result "1-0"]
[Round "11"]
[TimeControl "180+1"]
[Date "2022.05.24"]
[WhiteClock "0:00:15"]
[BlackClock "0:00:02"]

1. d4 Nf6 2. Nf3 d5 3. c4 e6 4. Nc3 Bb4 5. cxd5 exd5 6. Bg5 h6 7. Bxf6 Qxf6 8. Qa4+ Nc6 9. e3 O-O 10. Be2 Be6 11. Rc1 a6 12. O-O Bd6 13. Qd1 Rae8 14. Nd2 Ne7 15. Bf3 c6 16. g3 g6 17. Nde4 dxe4 18. Nxe4 Qg7 19. Nxd6 Rb8 20. a3 Rfd8 21. Ne4 Bd5 22. Nc5 a5 23. Qe2 h5 24. Rc3 Bxf3 25. Qxf3 Nd5 26. Rc2 h4 27. gxh4 Qh6 28. Qg4 Kg7 29. Nd3 Rh8 30. Ne5 Qxh4 31. Qxh4 Rxh4 32. Nf3 Rh3 33. Kg2 Rbh8 34. Rh1 f6 35. Rc5 a4 36. Ra5 g5 37. Ra7 Kg6 38. Rxb7 g4 39. Ng1 R3h6 40. Ne2 f5 41. Nc3 Nf6 42. Rc7 f4 43. exf4 Kf5 44. Rxc6 R6h7 45. Ne2 Nh5 46. Ng3+ Kxf4 47. Re1 Kg5 48. Re5+ Kh4 49. Nf5+ Kg5 50. Ne7+ 1-0


[Site "https://www.chess.com"]

[Event "Titled Tuesday Blitz May 24 Late 2022"]
[White "Turutin, Alexander"]
[Black "Sarkar, Justin"]
[WhiteFideId "4180623"]
[BlackFideId "2010011"]
[WhiteElo "2402"]
[BlackElo "2020"]
[Result "1-0"]
[Round "11"]
[TimeControl "180+1"]
[Date "2022.05.25"]
[WhiteClock "0:00:08"]
[BlackClock "0:00:01"]

1. g3 Nf6 2. Bg2 c5 3. c4 d5 4. cxd5 Nxd5 5. Nc3 Nxc3 6. bxc3 e5 7. d3 Be7 8. Nf3 Nc6 9. O-O O-O 10. Qb3 Rb8 11. Nd2 Be6 12. Qc2 Qd7 13. a4 b6 14. Nc4 Bd5 15. Bb2 Bxg2 16. Kxg2 f5 17. Qb3 Kh8 18. Ne3 Rbd8 19. c4 f4 20. Nd5 Bd6 21. f3 fxg3 22. hxg3 Nd4 23. Qd1 Rde8 24. e4 Re6 25. Bxd4 cxd4 26. Rh1 Rg6 27. Rh3 Kg8 28. Qe2 Bc5 29. a5 h6 30. Rh5 Re6 31. axb6 axb6 32. g4 Qe8 33. Rf5 Rxf5 34. exf5 Rd6 35. Ra7 Kh8 36. Qd2 b5 37. f6 bxc4 38. fxg7+ Kg8 39. Qxh6 1-0


[Site "https://www.chess.com"]

[Event "Titled Tuesday Blitz May 24 Late 2022"]
[White "Vajda, Levente"]
[Black "Koutlas, Nikolaos"]
[WhiteFideId "1203975"]
[BlackFideId "25827138"]
[WhiteElo "2573"]
[BlackElo "1645"]
[Result "1-0"]
[Round "11"]
[TimeControl "180+1"]
[Date "2022.05.24"]
[WhiteClock "0:00:08"]
[BlackClock "0:00:02"]

1. e4 c5 2. c3 d5 3. exd5 Qxd5 4. d4 Nc6 5. Nf3 Bf5 6. Be3 Nf6 7. Na3 cxd4 8. Nxd4 Nxd4 9. Qxd4 Qxd4 10. Bxd4 a6 11. Nc4 e6 12. Be2 Be7 13. a4 O-O 14. Bf3 Nd5 15. Nb6 Nxb6 16. Bxb6 Bd8 17. Bc5 e5 18. Bxf8 e4 19. Be2 Kxf8 20. O-O Bb6 21. Rfd1 Ke7 22. b4 e3 23. f3 Rc8 24. Rac1 a5 25. Kf1 Bd7 26. Bb5 Bxb5+ 27. axb5 axb4 28. cxb4 Ra8 29. Rc2 Ra4 30. Rb1 Ra3 31. Ke2 f5 32. f4 h6 33. g3 g5 34. Rbb2 Ke6 35. Rc8 Ra1 36. Rb8 Rh1 37. Kd3 Rd1+ 38. Kc4 Rd2 39. Rb1 e2 40. Re1 Bf2 41. Rxe2+ Rxe2 42. Re8+ Kd7 43. Rxe2 Bg1 44. fxg5 hxg5 45. h4 gxh4 46. gxh4 f4 47. Rg2 Be3 48. Rg7+ Ke6 49. Rxb7 f3 50. Kd3 Bf4 51. b6 Kf5 52. Rd7 Kg4 53. Rf7 Kg3 54. b7 Bb8 55. h5 Ba7 56. h6 Kg2 57. h7 f2 58. h8=Q 1-0


[Site "https://www.chess.com"]

[Event "Titled Tuesday Blitz May 24 Late 2022"]
[White "Vega Gutierrez, Sabrina"]
[Black "Romero Ruscalleda, Josep"]
[WhiteFideId "2219026"]
[BlackFideId "2231859"]
[WhiteElo "2286"]
[BlackElo "2323"]
[Result "0-1"]
[Round "11"]
[TimeControl "180+1"]
[Date "2022.05.25"]
[WhiteClock "0:00:04"]
[BlackClock "0:01:21"]

1. e4 g6 2. d4 Bg7 3. Nc3 d6 4. h4 h5 5. Be3 a6 6. Qd2 b5 7. O-O-O Bb7 8. f3 Nd7 9. Nh3 Rc8 10. Ng5 c5 11. dxc5 Nxc5 12. Bd4 Kf8 13. Bxg7+ Kxg7 14. e5 b4 15. Nce4 Bxe4 16. fxe4 Qa5 17. Kb1 dxe5 18. Bc4 Nh6 19. Qe2 Rhd8 20. Rxd8 Rxd8 21. Rf1 f6 22. Ne6+ Nxe6 23. Bxe6 Rd6 24. Bb3 Qc5 25. Rd1 Ng4 26. Rxd6 exd6 27. Kc1 Qe3+ 28. Qxe3 Nxe3 29. g3 Nf1 30. Bc4 Nxg3 31. Bxa6 Nxe4 32. a4 bxa3 33. bxa3 g5 34. Bd3 Nc5 35. a4 Nxa4 36. hxg5 fxg5 0-1


[Site "https://www.chess.com"]

[Event "Titled Tuesday Blitz May 24 Late 2022"]
[White "Vujic, Mihailo"]
[Black "Estrada Nieto, Julian"]
[WhiteFideId "918873"]
[BlackFideId "5101018"]
[WhiteElo "2256"]
[BlackElo "2252"]
[Result "1-0"]
[Round "11"]
[TimeControl "180+1"]
[Date "2022.05.25"]
[WhiteClock "0:00:08"]
[BlackClock "0:00:02"]

1. e4 e5 2. Bc4 Nc6 3. Nf3 Bc5 4. b4 Bb6 5. Bb2 d6 6. b5 Na5 7. Be2 Nf6 8. Nc3 O-O 9. O-O Re8 10. d3 d5 11. exd5 Nxd5 12. Nxd5 Qxd5 13. c4 Qd6 14. Nd2 Bf5 15. Nb3 Nxb3 16. axb3 Rad8 17. Ba3 Bc5 18. Bxc5 Qxc5 19. b4 Qd4 20. Qa4 Bxd3 21. Bxd3 Qxd3 22. Qxa7 Qxc4 23. Rfc1 Qxb5 24. Rxc7 Rd7 25. Rxd7 Qxd7 26. Rc1 h6 27. h3 e4 28. Qb6 Rc8 29. Rc5 Rxc5 30. bxc5 Qc6 31. Qd8+ Kh7 32. Qd4 f5 33. g3 Qf6 34. Qd5 e3 35. fxe3 Qg5 36. Kf2 Qf6 37. Qxb7 Qe5 38. Qb6 1-0


[Site "https://www.chess.com"]

[Event "Titled Tuesday Blitz May 24 Late 2022"]
[White "Winkels, Marcel"]
[Black "Joubert, Dantelle"]
[WhiteFideId "1003887"]
[BlackFideId "14310813"]
[WhiteElo "1900"]
[BlackElo "1507"]
[Result "0-1"]
[Round "11"]
[TimeControl "180+1"]
[Date "2022.05.25"]
[WhiteClock "0:00:36"]
[BlackClock "0:00:11"]

1. e4 e5 2. Nf3 Nc6 3. Bc4 Bc5 4. b4 Bxb4 5. c3 Bd6 6. d4 Nf6 7. Bd5 Qe7 8. O-O O-O 9. Bg5 h6 10. Bh4 g5 11. Bg3 exd4 12. Nxd4 Nxd4 13. cxd4 Nxd5 14. exd5 Bxg3 15. fxg3 d6 16. Nd2 Qe3+ 17. Kh1 Qxd4 18. Nf3 Qxd1 19. Rfxd1 Bg4 20. Rac1 Rac8 21. Rd4 Bxf3 22. gxf3 Rfe8 23. Rc2 f5 24. Rdc4 Re7 25. a4 Kf7 26. a5 Ke8 27. Rb4 Rb8 28. a6 b6 29. Rc6 Kd7 30. Rbc4 Rc8 31. Kg2 Re5 32. Rd4 Rce8 33. Rdc4 Rc8 34. Rc2 Rxd5 35. R6c4 Re5 36. Ra2 c5 37. Kf2 Kc6 38. Rcc2 d5 39. f4 gxf4 40. gxf4 Re4 41. Kf3 Rg8 42. Rg2 Rxg2 43. Rxg2 Kb5 44. Rg6 Kxa6 45. Rf6 d4 46. Rxf5 Re8 47. Rf6 d3 48. Rxh6 Rd8 49. Ke4 d2 50. Rd6 Rxd6 51. Ke5 d1=Q 52. f5 Qd5+ 53. Kf4 Rf6 54. Kg4 Qxf5+ 55. Kg3 Rg6+ 56. Kh4 Qg5+ 0-1


[Site "https://www.chess.com"]

[Event "Titled Tuesday Blitz May 24 Late 2022"]
[White "Yanayt, Eugene"]
[Black "Kujawski, Adam"]
[WhiteFideId "2020165"]
[BlackFideId "1100920"]
[WhiteElo "2046"]
[BlackElo "1982"]
[Result "0-1"]
[Round "11"]
[TimeControl "180+1"]
[Date "2022.05.25"]
[WhiteClock "0:00:05"]
[BlackClock "0:00:04"]

1. d4 Nf6 2. c4 e6 3. g3 c5 4. d5 exd5 5. cxd5 d6 6. Bg2 g6 7. Nf3 Bg7 8. Nc3 O-O 9. Nd2 Nbd7 10. O-O Re8 11. a4 a6 12. a5 Rb8 13. Nc4 Ne5 14. Nb6 Bd7 15. f4 Neg4 16. e4 Bb5 17. Re1 h5 18. h3 Nh6 19. e5 Nd7 20. Nxb5 axb5 21. Nxd7 Qxd7 22. a6 Nf5 23. axb7 Rxb7 24. e6 Qc7 25. Ra6 Nd4 26. exf7+ Qxf7 27. Rxd6 Rbe7 28. Rxe7 Qxe7 29. Rxg6 Qe1+ 30. Qxe1 Rxe1+ 31. Kf2 Rxc1 32. d6 Rc2+ 33. Kf1 Nf5 34. Bd5+ Kf8 35. d7 Ke7 36. Be4 Ne3+ 37. Ke1 Bd4 38. Rd6 Rc1+ 39. Ke2 Kd8 40. Bc6 Rc2+ 41. Kf3 Nf5 0-1


[Site "https://www.chess.com"]